 Dungeon Crawl Stone Soup version 0.30-a0-354-g6b83867211 (webtiles) character file.

Game seed: 14718850625455257673

105 koil the Sneak (level 4, -1/21 HPs)
             Began as a Spriggan Enchanter on Nov 8, 2022.
             Slain by Sigmund
             ... wielding a +0 scythe
              (12 damage)
             ... on level 3 of the Dungeon.
             The game lasted 00:07:44 (2122 turns).

koil the Sneak (Spriggan Enchanter)                 Turns: 2122, Time: 00:07:44

Health: -1/21      AC:  2    Str:  4    XL:     4   Next: 53%
Magic:  6/10       EV: 18    Int: 18    God:
Gold:   127        SH:  0    Dex: 15    Spells: 1/9 levels left

rFire   . . .      SeeInvis +    j - +0 short sword (vamp)
rCold   . . .      Faith    .    (no shield)
rNeg    . . .      Spirit   .    b - +0 robe
rPois   .          Reflect  .    (helmet restricted)
rElec   .          Harm     .    d - scarf {+Inv}
rCorr   .          Rampage  .    (gloves unavailable)
Will    .....                    (boots unavailable)
Stlth   +++.......               (no amulet)
HPRegen 0.23/turn                k - ring of flight
MPRegen 0.12/turn                (no ring)

@: flying, very quick
A: very small, no large weapons, unfitting armour, see invisible, speed 3
a: Evoke Invisibility


You were on level 3 of the Dungeon.
You visited 1 branch of the dungeon, and saw 3 of its levels.

You collected 169 gold pieces.
You spent 42 gold pieces at shops.

Inventory:

Hand Weapons
 a - a +1 dagger
 j - a +0 vampiric short sword (weapon)
Missiles
 t - 5 poisoned darts (quivered)
Armour
 b - a +0 robe (worn)
 d - a scarf of invisibility (worn)
Magical Staves
 e - a staff of death
 s - a staff of fire
Jewellery
 k - a ring of flight (left hand)
 l - a ring of protection from cold
 q - a ring of positive energy
Scrolls
 f - 6 scrolls of identify
 g - 2 scrolls of silence {unknown}
 i - 2 scrolls of immolation {unknown}
 o - a scroll of blinking {unknown}
 r - 2 scrolls of teleportation {unknown}
Potions
 c - 2 potions of invisibility
 h - a potion of attraction {unknown}
 m - 2 potions of resistance {unknown}
 n - 2 potions of heal wounds {unknown}
 p - a potion of berserk rage {unknown}


   Skills:
 + Level 0.9 Fighting
 + Level 2.2 Short Blades
 + Level 3.4 Dodging
 + Level 5.2 Stealth
 + Level 3.4 Spellcasting
 + Level 0.4 Conjurations
 + Level 4.1 Hexes


You had one spell level left.
You knew the following spells:

 Your Spells              Type           Power      Damage    Failure   Level
a - Ensorcelled Hibernat  Hex/Ice        20%        N/A       10%         2
b - Confusing Touch       Hex            18%        N/A       9%          3
c - Dazzling Flash        Conj/Hex       22%        N/A       19%         3

Your spell library contained the following spells:

 Spells                   Type           Power      Damage    Failure   Level
 Slow                     Hex            72%        N/A       2%          1
 Tukima's Dance           Hex            18%        N/A       9%          3
 Vampiric Draining        Necr           3%         2d6       43%         3


Dungeon Overview and Level Annotations

Branches:
Dungeon (3/15)

Altars:

Shops:
D:3 ?

Annotations:
D:3 Sigmund


Innate Abilities, Weirdness & Mutations

You are very small and have problems with some larger weapons.
You are too small for most types of armour.
You have supernaturally acute eyesight. (SInv)
You cover ground extremely quickly. (Speed+++)


Message History

You hit the orc.
You feel better.
You kill the orc!
No target in view!
You see here a +0 dagger.
Things that are here:
a +0 club; 5 poisoned darts; a kobold corpse
t - 5 poisoned darts Unknown command.
Unknown command.
Unknown command.
You see here a +0 dagger.
There is a stone staircase leading up here.
Found a stone staircase leading down.
Found an escape hatch in the floor.
Found a short sword.
Sigmund the Dreaded comes into view.
He is wielding a +0 scythe.
Sigmund shouts!
Sigmund laughs darkly.
Sigmund completely misses you.
Casting: Ensorcelled Hibernation (safe; 10% risk of failure)
Confirm with . or Enter, or press ? or * to list all spells.
Aiming: Ensorcelled Hibernation (safe; 10% risk of failure)
Press: ? - help, Shift-Dir - straight line, f - Sigmund
Aim: Sigmund, wielding a +0 scythe and wearing a +0 robe (chance to affect: 52%) Sigmund resists with significant effort.
Sigmund hits you with a +0 scythe!
Ouch! That really hurt!
Casting: Ensorcelled Hibernation (safe; 10% risk of failure)
Confirm with . or Enter, or press ? or * to list all spells.
Aiming: Ensorcelled Hibernation (safe; 10% risk of failure)
Press: ? - help, Shift-Dir - straight line, f/p - Sigmund
Aim: Sigmund, wielding a +0 scythe and wearing a +0 robe (chance to affect: 52%) Sigmund looks drowsy...
You are too injured to fight recklessly!
The helpless Sigmund fails to defend himself.
You puncture Sigmund!
You feel better.
Sigmund is severely wounded.
Sigmund hits you with a +0 scythe!
Ouch! That really hurt!
You die...

#.#######.....#
#.#............
#.#.# #.#.....# #
## #...# #.......#
.. ≈≈
#.#.###.###.###
..~###≈####.#.....#
#.#
~~≈≈≈......##.###
#.# #≈~####..##.#
#.# #≈~.@....##.#
#.# #≈~@###.....#
#>#
..~≈≈≈≈#....>####
#.# ..~###~.@....#
#.# .. ≈≈~~...##.#
.........).....
...###...##.### #.#
#...# .# #. .....


You could see Sigmund.

Vanquished Creatures
  4 adders (D:2)
  A dart slug (D:1)
  6 orcs (D:3)
  5 bats
  6 endoplasms
  2 giant cockroaches
  4 goblins
  4 hobgoblins
  9 kobolds
  3 quokkas
  6 ball pythons
  4 frilled lizards
  2 rats
56 creatures vanquished.

Notes
Turn   | Place    | Note
-------+----------+-------------------------------------------
     0 | D:1      | koil the Spriggan Enchanter began the quest for the Orb.
     0 | D:1      | Reached XP level 1. HP: 9/9 MP: 5/5
   178 | D:1      | Reached XP level 2. HP: 10/13 MP: 6/6
   467 | D:1      | Learned a level 2 spell: Ensorcelled Hibernation
   875 | D:2      | Reached XP level 3. HP: 17/17 MP: 8/8
  1000 | D:1      | Learned a level 3 spell: Confusing Touch
  1004 | D:1      | Learned a level 3 spell: Dazzling Flash
  1052 | D:2      | Reached skill level 5 in Stealth
  1470 | D:2      | Reached XP level 4. HP: 21/21 MP: 6/9
  1958 | D:3      | Found Veonuat's Magic Scroll Shop.
  1966 | D:3      | Bought a scroll of identify for 28 gold pieces
  1966 | D:3      | Bought a scroll of noise for 14 gold pieces
  2111 | D:3      | Noticed Sigmund
  2122 | D:3      | Slain by Sigmund

Illustrated notes

Levels and vault maps discovered:
D:1:      evilmike_arrival_rings, layout_loops_ring
D:2:      layout_rooms, minmay_misc_feat_room
D:3:      minmay_chambers_of_twos, layout_loops_ring, serial_shops,
          shop_fountains, minmay_stone_trees_small, minmay_crystal_water,
          minmay_lizard_king, uniq_sigmund

Skill      XL: |  1  2  3 |
---------------+----------+-----
Dodging        | 3 |  3.4
Spellcasting   | 3 |  3.4
Hexes          | 4 |  4.1
Stealth        | 5 |  5.2
Short Blades   | 2 |  2.2
Fighting       | |  0.9
Conjurations   | |  0.4

Action                   |  1- 3 |  4- 6 || total
-------------------------+-------+-------++-------
Melee: Dagger            |    27 |       ||    27
       Short sword       |    78 |    75 ||   153
       Punch             |     1 |     1 ||     2
 Cast: Ensorcelled Hiber |    19 |    11 ||    30
 Stab: Sleeping          |    16 |     8 ||    24
       Distracted        |       |     1 ||     1
Armor: Robe              |    14 |     6 ||    20
Dodge: Dodged            |    99 |    60 ||   159

Table legend: (Time is in decaauts)
 A = Elapsed time spent in this place.
 B = Non-inter-level travel time spent in this place.
 C = Inter-level travel time spent in this place.
 D = Time resting spent in this place.
 E = Time spent auto-exploring this place.
 F = Levels seen in this place.
 G = Mean time per level.
                   A        B        C        D        E       F      G
               +--------+--------+--------+--------+--------+-----+--------+
         Total |   1559 |   1531 |     28 |     94 |   1027 |   3 |  519.7 |
       Dungeon |   1559 |   1531 |     28 |     94 |   1027 |   3 |  519.7 |
               +--------+--------+--------+--------+--------+-----+--------+

Top non-repeatable levels by time:
     D:1: 659 daAuts
     D:2: 503 daAuts
     D:3: 396 daAuts
